 Dungeon Crawl Stone Soup version 0.30-a0-739-gea05faddec (webtiles) character file.

Game seed: 16448930965994478288

184 epen the Gusty (level 5, 0/41 HPs)
             Began as a Gnoll Wanderer on Feb 4, 2023.
             Slain by a quokka (1 damage)
             ... on level 4 of the Dungeon.
             The game lasted 00:04:37 (3255 turns).

epen the Gusty (Gnoll Wanderer)                     Turns: 3255, Time: 00:04:38

Health: 0/41       AC:  2    Str:  8    XL:     5   Next: 64%
Magic:  9/9        EV: 12    Int: 14    God:
Gold:   132        SH:  5    Dex: 14    Spells: 9/10 levels left

rFire   . . .      SeeInvis .    a - +0 dagger
rCold   . . .      Faith    .    d - +0 buckler
rNeg    . . .      Spirit   .    c - +0 robe
rPois   .          Reflect  .    (no helmet)
rElec   .          Harm     .    (no cloak)
rCorr   .          Rampage  .    (no gloves)
Will    .....                    (no boots)
Stlth   ++                       (no amulet)
HPRegen 0.26/turn                (no ring)
MPRegen 0.11/turn                (no ring)

@: no status effects
A: fangs 1, strong nose, distributed training
a: no special abilities


You were on level 4 of the Dungeon.
You visited 1 branch of the dungeon, and saw 4 of its levels.

You collected 132 gold pieces.

Inventory:

Hand Weapons
 a - a +0 dagger (weapon)
Missiles
 o - 4 silver boomerangs (quivered)
Armour
 c - a +0 robe (worn)
 d - a +0 buckler (worn)
Wands
 m - a wand of flame (21)
Scrolls
 b - 2 scrolls of blinking
 g - 3 scrolls of identify {unknown}
 i - 2 scrolls of enchant weapon {unknown}
 j - 2 scrolls of immolation {unknown}
 k - 2 scrolls of teleportation {unknown}
 l - a scroll of amnesia {unknown}
 p - a scroll of torment {unknown}
 q - a scroll of poison {unknown}
Potions
 f - 2 potions of haste {unknown}
 h - a potion of cancellation {unknown}
 n - a potion of experience {unknown}


   Skills:
 + Level 3.1 Fighting
 + Level 1.6 Short Blades
 + Level 1.6 Long Blades
 + Level 1.6 Axes
 + Level 1.6 Maces & Flails
 + Level 1.6 Polearms
 + Level 1.6 Staves
 + Level 1.6 Ranged Weapons
 + Level 1.6 Throwing
 + Level 3.1 Armour
 + Level 3.1 Dodging
 + Level 1.6 Stealth
 + Level 3.1 Shields
 + Level 1.6 Unarmed Combat
 + Level 3.2 Spellcasting
 + Level 1.3 Conjurations
 + Level 1.3 Hexes
 + Level 1.3 Summonings
 + Level 1.3 Necromancy
 + Level 1.3 Translocations
 + Level 1.3 Transmutations
 + Level 1.3 Fire Magic
 + Level 1.3 Ice Magic
 + Level 7.2 Air Magic
 + Level 2.5 Earth Magic
 + Level 1.3 Poison Magic
 + Level 1.9 Invocations
 + Level 1.6 Evocations


You had 9 spell levels left.
You knew the following spells:

 Your Spells              Type           Power      Damage    Failure   Level
a - Shock                 Conj/Air       56%        1d6       4%          1

Your spell library contained the following spells:

 Spells                   Type           Power      Damage    Failure   Level
 Poisonous Vapours        Pois/Air       28%        N/A       7%          2
 Sandblast                Erth           18%        2d7       10%         1
 Airstrike                Air            11%        2d(2-18)  14%         4
 Mephitic Cloud           Conj/Pois/Air  11%        N/A       22%         3
 Stone Arrow              Conj/Erth      14%        3d7       36%         3
 Summon Lightning Spire   Summ/Air       14%        N/A       43%         4
 Lightning Bolt           Conj/Air       7%         1d19      78%         5


Dungeon Overview and Level Annotations

Branches:
Dungeon (4/15)
 Temple: D:4-7

Altars:


Innate Abilities, Weirdness & Mutations

You have very sharp teeth.
Your uncanny sense of smell can sniff out nearby items.
Your experience applies equally to all skills.


Message History

Confirm with . or Enter, or press ? or * to list all spells.
Aiming: Shock (safe; 4% risk of failure)
Press: ? - help, Shift-Dir - straight line, f/p - gnoll
Aim: a gnoll, wielding a +0 flail (heavily wounded, 75% to hit)
The zap hits the gnoll but does no damage.
The gnoll is heavily wounded.
The quokka bites you. The gnoll hits you with a +0 flail!
The quokka completely misses you.
Casting: Shock (safe; 4% risk of failure)
Confirm with . or Enter, or press ? or * to list all spells.
Aiming: Shock (safe; 4% risk of failure)
Press: ? - help, Shift-Dir - straight line, f/p - gnoll
Aim: a gnoll, wielding a +0 flail (heavily wounded, 75% to hit)
The zap hits the gnoll.
You kill the gnoll!
The quokka bites you.
* * * LOW HITPOINT WARNING * * *
Casting: Shock (safe; 4% risk of failure)
Confirm with . or Enter, or press ? or * to list all spells.
Aiming: Shock (safe; 4% risk of failure)
Press: ? - help, Shift-Dir - straight line, f - quokka
Aim: a quokka (60% to hit)
The zap hits the quokka.
The quokka is heavily wounded.
The quokka bites you.
* * * LOW HITPOINT WARNING * * *
You barely miss the quokka.
The quokka is heavily wounded.
The quokka bites you.
* * * LOW HITPOINT WARNING * * *
You barely miss the quokka. You bite the quokka, but do no damage.
The quokka is heavily wounded.
The quokka bites you but does no damage.
You closely miss the quokka.
The quokka is heavily wounded.
The quokka bites you.
* * * LOW HITPOINT WARNING * * *
It was a potion of magic.
Magic courses through your body. The quokka misses you. The quokka bites you.
You die...

#.......#######
#.........#....
#..............
#########..............
#......##..............
#......##..............
#......##.......$......
#......# #....@r......
#......## ##....)......
#.......###............
#........#....###......
#......#......# #..#..
#####.##......# ..# #
#.##......# .....
#.##....).# ......
#.##.#....#......


You could see a quokka.

Vanquished Creatures
  An orc priest (D:3)
  Ijyb (D:3)
  An adder (D:2)
  A gnoll (D:4)
  2 worms
  4 dart slugs
  4 orcs (D:3)
  5 endoplasms
  4 giant cockroaches
  11 goblins
  6 hobgoblins
  10 jackals (D:1)
  7 kobolds
  4 quokkas
  5 ball pythons
  4 bats
  5 frilled lizards
  10 rats
85 creatures vanquished.

Vanquished Creatures (others)
  3 fungi (D:3)
  4 plants (D:3)
7 creatures vanquished.

Grand Total: 92 creatures vanquished

Notes
Turn   | Place    | Note
-------+----------+-------------------------------------------
     0 | D:1      | epen the Gnoll Wanderer began the quest for the Orb.
     0 | D:1      | epen set off with the following items: a +0 dagger, a
                  | scroll of blinking, a +0 robe, a +0 buckler; and the
                  | following spells available to memorise: Shock, Poisonous
                  | Vapours, Sandblast, Mephitic Cloud, Stone Arrow.
     0 | D:1      | Reached XP level 1. HP: 17/17 MP: 4/4
   102 | D:1      | Learned a level 1 spell: Shock
   162 | D:1      | Reached XP level 2. HP: 16/23 MP: 0/5
   417 | D:1      | Reached XP level 3. HP: 22/28 MP: 7/7
   636 | D:1      | Reached skill level 1 in Invocations
  1332 | D:2      | Reached skill level 1 in Short Blades
  1332 | D:2      | Reached skill level 1 in Long Blades
  1332 | D:2      | Reached skill level 1 in Axes
  1332 | D:2      | Reached skill level 1 in Maces & Flails
  1332 | D:2      | Reached skill level 1 in Polearms
  1332 | D:2      | Reached skill level 1 in Staves
  1332 | D:2      | Reached skill level 1 in Ranged Weapons
  1332 | D:2      | Reached skill level 1 in Throwing
  1332 | D:2      | Reached skill level 1 in Stealth
  1332 | D:2      | Reached skill level 1 in Unarmed Combat
  1332 | D:2      | Reached skill level 1 in Evocations
  1417 | D:2      | You fall into a shaft and drop 2 floors!
  1628 | D:3      | Reached XP level 4. HP: 34/34 MP: 4/8
  1631 | D:3      | Reached skill level 1 in Conjurations
  1631 | D:3      | Reached skill level 1 in Hexes
  1631 | D:3      | Reached skill level 1 in Summonings
  1631 | D:3      | Reached skill level 1 in Necromancy
  1631 | D:3      | Reached skill level 1 in Translocations
  1631 | D:3      | Reached skill level 1 in Transmutations
  1631 | D:3      | Reached skill level 1 in Fire Magic
  1631 | D:3      | Reached skill level 1 in Ice Magic
  1631 | D:3      | Reached skill level 1 in Poison Magic
  2153 | D:3      | Noticed Ijyb
  2165 | D:3      | Killed Ijyb
  2166 | D:3      | Reached XP level 5. HP: 19/40 MP: 0/9
  2257 | D:3      | Found a faded altar of an unknown god.
  3254 | D:4      | HP: 1/41 [quokka (3)]
  3255 | D:4      | Slain by a quokka

Illustrated notes

Levels and vault maps discovered:
D:1:      dpeg_arrival_rhombi, layout_basic
D:2:      layout_rooms, kennysheep_nub
D:3:      layout_basic, shapermc_ecumenical_altar_ellora, reono_crystal_passage,
          minmay_fractal_squares_gapless_5, uniq_ijyb
D:4:      layout_rooms, mainiacjoe_overflow_catwalk_spiral, dk_rats_in_the_wall,
          uniq_pargi

Skill      XL: |  1  2  3  4  5 |
---------------+----------------+-----
Earth Magic    | 2 |  2.5
Invocations    | 1 |  1.9
Short Blades   | 1 |  1.6
Long Blades    | 1 |  1.6
Axes           | 1 |  1.6
Maces & Flails | 1 |  1.6
Polearms       | 1 |  1.6
Staves         | 1 |  1.6
Ranged Weapons | 1 |  1.6
Throwing       | 1 |  1.6
Stealth        | 1 |  1.6
Unarmed Combat | 1 |  1.6
Evocations     | 1 |  1.6
Spellcasting   | 3 |  3.2
Conjurations   | 1 |  1.3
Hexes          | 1 |  1.3
Summonings     | 1 |  1.3
Necromancy     | 1 |  1.3
Translocations | 1 |  1.3
Transmutations | 1 |  1.3
Fire Magic     | 1 |  1.3
Ice Magic      | 1 |  1.3
Poison Magic   | 1 |  1.3
Fighting       | 3 |  3.1
Armour         | 3 |  3.1
Dodging        | 3 |  3.1
Shields        | 3 |  3.1
Air Magic      | |  7.2

Action                     |  1- 3 |  4- 6 || total
---------------------------+-------+-------++-------
  Melee: Dagger            |   164 |   102 ||   266
         Bite              |    16 |    11 ||    27
   Cast: Shock             |    18 |    55 ||    73
    Use: Potion            |       |     1 ||     1
   Stab: Sleeping          |     1 |     3 ||     4
 Armour: Robe              |    25 |    25 ||    50
  Dodge: Dodged            |   106 |    62 ||   168
  Block: Buckler           |    31 |    27 ||    58

Table legend: (Time is in decaauts)
 A = Elapsed time spent in this place.
 B = Non-inter-level travel time spent in this place.
 C = Inter-level travel time spent in this place.
 D = Time resting spent in this place.
 E = Time spent auto-exploring this place.
 F = Levels seen in this place.
 G = Mean time per level.
                   A        B        C        D        E       F      G
               +--------+--------+--------+--------+--------+-----+--------+
         Total |   3253 |   3156 |     97 |     84 |   2425 |   4 |  813.2 |
       Dungeon |   3253 |   3156 |     97 |     84 |   2425 |   4 |  813.2 |
               +--------+--------+--------+--------+--------+-----+--------+

Top non-repeatable levels by time:
     D:1: 1332 daAuts
     D:3: 1229 daAuts
     D:2: 553 daAuts
     D:4: 138 daAuts
